[ AOE2 MATCH · #495771803 ]
UnrankedLithuanians vs Dravidians
Player's team · WIN
[ REPLAY ANALYSIS · EXTRACTED FROM THE RECORDED GAME ]
Feudal
9:15
Castle
22:54
Imperial
39:34
| APM avg | 49.6 |
| APM peak | 111 |
| eAPM avg | 21.2 |
| Villagers / military | 122 / 68 |
Focus
⚔️ 25.1% · 🌾 74.9%
Skirmisher ×34 · Knight ×19 · Archer ×7 · Monk ×5 · Spearman ×2 · Trebuchet (Packed) ×1
Feudal
9:21
Castle
22:33
Imperial
—
| APM avg | 60.7 |
| APM peak | 93 |
| eAPM avg | 25.8 |
| Villagers / military | 170 / 69 |
Focus
⚔️ 32.0% · 🌾 68.0%
Skirmisher ×23 · Elephant Archer ×17 · Archer ×9 · Armored Elephant ×6 · Militia ×4 · Mangonel ×4
Match map
Initial resources + every placement click. Lines = walls · curves = elevation contours. ◆ gold · ⬟ stone · ● berries · ✦ relic · ◌ wall gap
Your base· Open — opponent sealed themselves in
VL BlackAmaru's base· ✓ Closed at 22:33 · 30t walls · no gate
Smoothed initial terrain · ◌ = detected wall gap · hover for details
Inputs per minute
— se7e - - VL BlackAmaru
Build order — se7e
First 150 of 345 actions detected
| 0:00 | Create | Villager (Male) |
| 0:00 | Create | Villager (Male) |
| 0:00 | Create | Villager (Male) |
| 0:01 | Create | Villager (Male) |
| 0:02 | Build | House |
| 0:02 | Build | House |
| 0:27 | Create | Villager (Male) |
| 0:27 | Create | Villager (Male) |
| 1:27 | Create | Villager (Male) |
| 2:05 | Create | Villager (Male) |
| 2:32 | Create | Villager (Male) |
| 2:40 | Build | Lumber Camp |
| 2:47 | Build | House |
| 2:51 | Create | Villager (Male) |
| 3:16 | Create | Villager (Male) |
| 3:38 | Create | Villager (Male) |
| 3:54 | Create | Villager (Male) |
| 4:53 | Build | Mill |
| 5:21 | Create | Villager (Male) |
| 5:35 | Build | House |
| 5:42 | Create | Villager (Male) |
| 6:05 | Create | Villager (Male) |
| 6:20 | Research | Loom |
| 7:03 | Research | Feudal Age |
| 7:18 | Build | Barracks |
| 7:23 | Build | Palisade Wall |
| 8:30 | Build | House |
| 8:48 | Create | Villager (Male) |
| 9:15 | Age | Feudal Age |
| 9:17 | Build | Archery Range |
| 9:20 | Research | Double-Bit Axe |
| 9:20 | Create | Villager (Male) |
| 9:28 | Create | Spearman |
| 9:35 | Build | House |
| 9:37 | Build | Palisade Gate |
| 9:47 | Create | Villager (Male) |
| 9:54 | Build | Palisade Wall |
| 10:01 | Create | Skirmisher |
| 10:01 | Create | Archer |
| 10:17 | Build | Palisade Gate |
| 10:22 | Build | Palisade Wall |
| 10:28 | Create | Skirmisher |
| 10:29 | Create | Villager (Male) |
| 10:31 | Build | Farm |
| 10:34 | Build | Farm |
| 10:35 | Build | Farm |
| 10:43 | Create | Villager (Male) |
| 10:52 | Build | Farm |
| 11:03 | Build | House |
| 11:14 | Build | Farm |
| 11:17 | Build | Farm |
| 11:17 | Create | Villager (Male) |
| 11:33 | Build | Blacksmith |
| 11:37 | Create | Villager (Male) |
| 11:40 | Create | Skirmisher |
| 11:53 | Create | Skirmisher |
| 12:14 | Create | Skirmisher |
| 12:14 | Create | Villager (Male) |
| 12:47 | Create | Spearman |
| 12:47 | Create | Villager (Male) |
| 12:51 | Build | House |
| 12:56 | Build | House |
| 13:04 | Create | Villager (Male) |
| 13:06 | Build | Farm |
| 13:15 | Build | Mill |
| 13:30 | Create | Villager (Male) |
| 13:40 | Build | Mining Camp |
| 13:51 | Build | Palisade Wall |
| 13:53 | Build | Palisade Wall |
| 14:20 | Create | Skirmisher |
| 14:20 | Create | Skirmisher |
| 14:22 | Create | Villager (Male) |
| 14:26 | Build | Farm |
| 14:28 | Build | Farm |
| 14:42 | Create | Skirmisher |
| 15:00 | Build | House |
| 15:03 | Build | Palisade Gate |
| 15:06 | Build | House |
| 15:11 | Research | Padded Archer Armor |
| 15:29 | Build | Palisade Wall |
| 15:37 | Create | Villager (Male) |
| 15:38 | Create | Villager (Male) |
| 15:48 | Build | Palisade Wall |
| 15:52 | Create | Skirmisher |
| 15:53 | Create | Skirmisher |
| 16:19 | Create | Villager (Male) |
| 16:20 | Research | Fletching |
| 16:41 | Create | Villager (Male) |
| 16:41 | Create | Villager (Male) |
| 16:45 | Create | Villager (Male) |
| 16:58 | Create | Archer |
| 16:58 | Create | Villager (Male) |
| 17:16 | Build | Farm |
| 17:17 | Build | Farm |
| 17:24 | Create | Archer |
| 17:29 | Create | Villager (Male) |
| 17:37 | Build | Market |
| 17:46 | Create | Archer |
| 17:47 | Create | Villager (Male) |
| 18:10 | Create | Archer |
| 18:10 | Create | Villager (Male) |
| 18:24 | Build | Watch Tower |
| 18:33 | Create | Archer |
| 18:38 | Create | Villager (Male) |
| 18:43 | Build | Lumber Camp |
| 18:48 | Create | Villager (Male) |
| 18:56 | Build | Farm |
| 18:57 | Build | Farm |
| 19:47 | Build | Farm |
| 20:08 | Build | Farm |
| 20:14 | Research | Castle Age |
| 20:17 | Create | Archer |
| 20:26 | Build | Farm |
| 20:56 | Build | House |
| 20:57 | Build | House |
| 21:04 | Create | Skirmisher |
| 21:04 | Create | Skirmisher |
| 21:04 | Create | Villager (Male) |
| 21:08 | Build | Farm |
| 22:54 | Age | Castle Age |
| 22:57 | Research | Elite Skirmisher (upgrade) |
| 22:58 | Research | Bodkin Arrow |
| 22:59 | Create | Villager (Male) |
| 23:02 | Build | University |
| 23:22 | Research | Leather Archer Armor |
| 23:22 | Create | Villager (Male) |
| 23:25 | Research | Bow Saw |
| 23:25 | Research | Bow Saw |
| 23:28 | Build | Mining Camp |
| 23:51 | Create | Villager (Male) |
| 24:05 | Research | Ballistics |
| 24:07 | Create | Villager (Male) |
| 24:28 | Create | Skirmisher |
| 24:28 | Create | Villager (Male) |
| 24:30 | Build | Farm |
| 24:30 | Build | Farm |
| 25:01 | Create | Skirmisher |
| 25:01 | Create | Skirmisher |
| 25:09 | Create | Villager (Male) |
| 25:10 | Create | Villager (Male) |
| 25:13 | Create | Villager (Male) |
| 25:15 | Build | Farm |
| 25:17 | Build | Farm |
| 25:17 | Create | Villager (Male) |
| 25:33 | Create | Villager (Male) |
| 25:36 | Research | Wheelbarrow |
| 25:47 | Create | Skirmisher |
| 26:06 | Build | Town Center |
| 26:20 | Create | Villager (Male) |
| 26:26 | Build | Town Center |
Build order — VL BlackAmaru
First 150 of 386 actions detected
| 0:00 | Create | Villager (Male) |
| 0:00 | Create | Villager (Male) |
| 0:01 | Create | Villager (Male) |
| 0:02 | Build | House |
| 0:03 | Build | House |
| 0:44 | Create | Villager (Male) |
| 0:44 | Create | Villager (Male) |
| 1:25 | Create | Villager (Male) |
| 1:25 | Create | Villager (Male) |
| 1:25 | Create | Villager (Male) |
| 2:01 | Create | Villager (Male) |
| 2:01 | Create | Villager (Male) |
| 2:10 | Create | Villager (Male) |
| 2:18 | Build | Lumber Camp |
| 2:49 | Create | Villager (Male) |
| 3:14 | Create | Villager (Male) |
| 3:28 | Build | House |
| 3:31 | Create | Villager (Male) |
| 3:37 | Create | Villager (Male) |
| 4:12 | Build | House |
| 4:12 | Create | Villager (Male) |
| 4:53 | Create | Villager (Male) |
| 4:53 | Create | Villager (Male) |
| 5:21 | Create | Villager (Male) |
| 5:35 | Build | Barracks |
| 5:40 | Build | Barracks |
| 5:42 | Create | Villager (Male) |
| 5:42 | Create | Villager (Male) |
| 6:00 | Build | House |
| 6:07 | Research | Loom |
| 7:11 | Research | Feudal Age |
| 7:36 | Build | House |
| 7:41 | Build | Palisade Wall |
| 7:53 | Build | Mining Camp |
| 8:01 | Create | Militia |
| 8:02 | Create | Militia |
| 8:29 | Build | Mill |
| 8:41 | Create | Militia |
| 8:41 | Create | Militia |
| 9:11 | Create | Villager (Male) |
| 9:21 | Age | Feudal Age |
| 9:28 | Build | Farm |
| 9:29 | Build | Farm |
| 9:33 | Build | Archery Range |
| 9:36 | Create | Villager (Male) |
| 9:39 | Research | Double-Bit Axe |
| 9:53 | Build | House |
| 10:02 | Create | Villager (Male) |
| 10:12 | Build | Farm |
| 10:31 | Create | Villager (Male) |
| 10:48 | Build | Farm |
| 10:54 | Create | Archer |
| 10:57 | Create | Villager (Male) |
| 10:57 | Create | Villager (Male) |
| 11:01 | Build | Farm |
| 11:09 | Build | House |
| 11:10 | Build | House |
| 11:25 | Create | Archer |
| 11:25 | Create | Archer |
| 11:27 | Create | Villager (Male) |
| 11:27 | Create | Villager (Male) |
| 11:31 | Build | Mill |
| 11:52 | Create | Villager (Male) |
| 11:59 | Create | Archer |
| 12:02 | Create | Villager (Male) |
| 12:02 | Create | Villager (Male) |
| 12:06 | Build | Blacksmith |
| 12:07 | Build | Palisade Wall |
| 12:09 | Build | Palisade Wall |
| 12:14 | Create | Archer |
| 12:21 | Create | Villager (Male) |
| 12:21 | Create | Villager (Male) |
| 12:31 | Build | House |
| 12:33 | Build | Palisade Wall |
| 12:58 | Create | Villager (Male) |
| 13:02 | Research | Fletching |
| 13:15 | Create | Villager (Male) |
| 13:15 | Create | Villager (Male) |
| 13:19 | Build | Farm |
| 13:22 | Build | Farm |
| 13:26 | Build | House |
| 13:30 | Build | Palisade Wall |
| 13:36 | Create | Archer |
| 13:38 | Create | Villager (Male) |
| 13:38 | Create | Villager (Male) |
| 13:49 | Build | Stable |
| 14:18 | Build | Stable |
| 14:24 | Create | Villager (Male) |
| 14:34 | Create | Villager (Male) |
| 14:34 | Create | Villager (Male) |
| 14:34 | Create | Villager (Male) |
| 14:34 | Create | Villager (Male) |
| 14:43 | Build | Farm |
| 14:55 | Create | Villager (Male) |
| 14:56 | Create | Villager (Male) |
| 14:59 | Build | Farm |
| 15:05 | Create | Archer |
| 15:05 | Create | Archer |
| 15:06 | Create | Archer |
| 15:21 | Create | Villager (Male) |
| 15:21 | Create | Villager (Male) |
| 15:22 | Create | Villager (Male) |
| 15:22 | Create | Villager (Male) |
| 15:31 | Build | Palisade Wall |
| 15:46 | Create | Scout Cavalry |
| 15:53 | Create | Villager (Male) |
| 16:16 | Create | Villager (Male) |
| 16:16 | Create | Villager (Male) |
| 16:16 | Create | Villager (Male) |
| 16:28 | Create | Villager (Male) |
| 16:55 | Build | Farm |
| 17:03 | Build | Watch Tower |
| 17:15 | Build | Mining Camp |
| 17:26 | Create | Skirmisher |
| 17:26 | Create | Skirmisher |
| 17:29 | Create | Villager (Male) |
| 17:35 | Build | House |
| 17:39 | Build | House |
| 17:45 | Build | Lumber Camp |
| 17:51 | Create | Skirmisher |
| 17:54 | Create | Villager (Male) |
| 17:59 | Build | Outpost |
| 18:10 | Research | Town Watch |
| 18:19 | Build | Palisade Wall |
| 18:50 | Create | Villager (Male) |
| 19:02 | Build | Watch Tower |
| 19:08 | Build | Market |
| 19:53 | Research | Castle Age |
| 20:18 | Build | Archery Range |
| 20:20 | Build | Palisade Wall |
| 20:26 | Build | Farm |
| 20:27 | Research | Horse Collar |
| 20:30 | Build | Lumber Camp |
| 20:45 | Build | House |
| 21:11 | Create | Skirmisher |
| 21:11 | Create | Skirmisher |
| 21:11 | Create | Skirmisher |
| 21:21 | Create | Skirmisher |
| 21:33 | Build | House |
| 21:49 | Build | House |
| 21:55 | Create | Skirmisher |
| 21:56 | Create | Skirmisher |
| 21:56 | Create | Skirmisher |
| 22:01 | Build | Farm |
| 22:18 | Build | Farm |
| 22:27 | Create | Villager (Male) |
| 22:33 | Age | Castle Age |
| 22:33 | Research | Elite Skirmisher (upgrade) |
| 22:34 | Research | Elite Skirmisher (upgrade) |
| 22:43 | Build | Farm |
Match timeline
| 5:35 | VL BlackAmaru · first_building Barracks |
| 7:18 | se7e · first_building Barracks |
| 7:23 | se7e · wall_segment Palisade Wall x4 |
| 7:41 | VL BlackAmaru · wall_segment Palisade Wall x6 |
| 9:15 | se7e · age_up feudal |
| 9:17 | se7e · first_building Archery Range |
| 9:21 | VL BlackAmaru · age_up feudal |
| 9:33 | VL BlackAmaru · first_building Archery Range |
| 9:54 | se7e · wall_segment Palisade Wall x8 |
| 10:22 | se7e · wall_segment Palisade Wall x1 |
| 12:07 | VL BlackAmaru · wall_segment Palisade Wall x2 |
| 12:09 | VL BlackAmaru · wall_segment Palisade Wall x1 |
| 12:33 | VL BlackAmaru · wall_segment Palisade Wall x10 |
| 13:30 | VL BlackAmaru · wall_segment Palisade Wall x7 |
| 13:49 | VL BlackAmaru · first_building Stable |
| 13:51 | se7e · wall_segment Palisade Wall x10 |
| 13:53 | se7e · wall_segment Palisade Wall x3 |
| 15:29 | se7e · wall_segment Palisade Wall x2 |
| 15:31 | VL BlackAmaru · wall_segment Palisade Wall x2 |
| 15:48 | se7e · wall_segment Palisade Wall x6 |
| 18:19 | VL BlackAmaru · wall_segment Palisade Wall x1 |
| 19:41 | se7e · first_market_buy 100 food |
| 19:46 | VL BlackAmaru · first_market_sell 100 wood |
| 19:54 | se7e · first_market_sell 100 wood |
| 20:20 | VL BlackAmaru · wall_segment Palisade Wall x1 |
| 22:33 | VL BlackAmaru · age_up castle |
| 22:54 | se7e · age_up castle |
| 25:06 | VL BlackAmaru · first_building Siege Workshop |
| 26:59 | se7e · first_building Monastery |
| 28:55 | se7e · first_building Stable |
| 29:54 | VL BlackAmaru · first_building Monastery |
| 30:15 | VL BlackAmaru · first_market_buy 100 food |
| 33:55 | VL BlackAmaru · first_building Castle |
| 35:19 | se7e · first_building Castle |
| 39:34 | se7e · age_up imperial |
| 39:46 | VL BlackAmaru · resign |
[ AI ANALYSIS · 1 CREDIT ]
What really happened in this match?
Wolo.gg analyzes every decision: build order, eco, micro, common mistakes by bracket. Personalized analysis on WhatsApp or Discord in 30 seconds.
Civ guide
Lithuanians
Perfil
se7e